 Dungeon Sprint DCSS version 0.30-a0-311-gf115ab0292 (webtiles) character file.

Game seed: 1012664760309370691

137 rocky1 the Grappler (level 5, -3/48 HPs)
             Began as a Draconian Transmuter on Oct 26, 2022.
             Was an Initiate of Gozag.
             Killed from afar by an acid dragon (19 damage)
             ... with a splash of acid
             ... in the Dungeon (Sprint IX: "|||||||||||||||||||||||||||||").
             The game lasted 00:01:40 (564 turns).

rocky1 the Grappler (Draconian Transmuter)           Turns: 564, Time: 00:01:41

Health: -3/48      AC:  8    Str: 13    XL:     5   Next: 0%
Magic:  7/11       EV: 10    Int: 18    God:    Gozag
Gold:   0          SH:  0    Dex: 11    Spells: 2/12 levels left

rFire   x . .      SeeInvis .      - Unarmed
rCold   + + +      Faith    .    (shield currently unavailable)
rNeg    . . .      Spirit   .    (body armour unavailable)
rPois   +          Reflect  .    (helmet currently unavailable)
rElec   .          Harm     .    (cloak currently unavailable)
rCorr   .          Rampage  .    (gloves currently unavailable)
Will    .....      NoTele   +    (boots currently unavailable)
Stlth   +.........               (no amulet)
HPRegen 0.28/turn                l - +3 ring of intelligence
MPRegen 0.12/turn                m - +2 ring of protection

@: ice-form, gold aura
A: freezing attack, amphibious, boosted hp, AC +5, large, unfitting armour,
(cold-blooded)
a: End Transformation, Renounce Religion, Potion Petition, Call Merchant, Bribe
Branch


You were in the Dungeon.
You worshipped Gozag.
Gozag was noncommittal.
You were a creature of crystalline ice.
You visited 1 branch

Inventory:

Armour
 j - a +0 pair of gloves
 k - a +0 cloak
Jewellery
 l - a +3 ring of intelligence (left front paw)
 m - a +2 ring of protection (right front paw)
Wands
 i - a wand of roots (10)
Scrolls
 g - 2 scrolls of blinking
 h - 2 scrolls of amnesia
Potions
 a - a potion of invisibility
 b - 5 potions of curing
 c - 3 potions of heal wounds
 d - a potion of haste
 e - 4 potions of magic
 f - a potion of berserk rage


   Skills:
 + Level 1.3 Fighting
 + Level 3.5 Dodging
 + Level 8.2 Unarmed Combat
 + Level 4.1 Spellcasting
 + Level 3.8 Transmutations


You had 2 spell levels left.
You knew the following spells:

 Your Spells              Type           Power      Damage    Failure   Level
a - Beastly Appendage     Tmut           34%        N/A       3%          1
b - Wereblood             Tmut           17%        N/A       4%          2
c - Spider Form           Tmut/Pois      10%        N/A       21%         3
d - Ice Form              Ice/Tmut       10%        N/A       54%         4

Your spell library contained the following spells:

 Spells                   Type           Power      Damage    Failure   Level


Dungeon Overview and Level Annotations

Branches:
Dungeon (1/1)

Altars:
Cheibriados
Dithmenos
Elyvilon
Fedhas
Gozag
Hepliaklqana
Kikubaaqudgha
Makhleb
Nemelex Xobeh
Okawaru
Qazlal
Ru
Sif Muna
Trog
Uskayaw
Vehumet
Wu Jian
Xom
Yredelemnul
Zin
The Shining One
Jiyva
Lugonu


Innate Abilities, Weirdness & Mutations

You are a creature of crystalline ice.
You have a powerful freezing melee attack.
You are amphibious.
Your maximum health is increased.
Your armour is entirely melded.
You are incapable of wielding weapons or throwing items.
((Your plain brown scales are hard. (AC +5)))
You cannot fit into any form of body armour.
((You are cold-blooded and may be slowed by cold attacks.))


Message History

You see here a +1 scale mail.
l - a +3 ring of intelligence
m - a +2 ring of protection You feel clever.
l - a +3 ring of intelligence (left hand)
m - a +2 ring of protection (right hand) Memorise Wereblood, consuming 2 spell levels and leaving 9?
You start memorising the spell.
You continue memorising. x2
You finish memorising.
Spell assigned to 'b'.
This spell is quite dangerous to cast!
Memorise Spider Form, consuming 3 spell levels and leaving 6?
You start memorising the spell.
You continue memorising. x3
You finish memorising.
Spell assigned to 'c'.
This spell is extremely dangerous to cast!
Memorise Ice Form, consuming 4 spell levels and leaving 2?
You start memorising the spell.
You continue memorising. x4
You finish memorising.
Spell assigned to 'd'.
You start waiting.
Done waiting.
Okay, then.
Cast which spell? (? or * to list)
The spell is extremely dangerous to miscast (54% risk of failure)!
Continue anyway?
You turn into a creature of crystalline ice.
You open the door.
A troll, an acid dragon, a kobold brigand, 2 two-headed ogres and a wraith come into view.
The kobold brigand is wielding a +0 dagger and quivering curare-tipped darts.
The troll shouts!
The acid dragon roars!
The kobold brigand shouts!
The two-headed ogre shouts in stereo!
You hit the troll. You freeze the troll.
The troll is lightly wounded.
The troll bites you! The troll completely misses you. The troll claws you.
You punch the troll! You freeze the troll.
The troll is heavily wounded.
The troll bites you! The troll claws you! The troll closely misses you.
You punch the troll! You freeze the troll.
You kill the troll!
The acid dragon spits acid at you. The splash of acid hits you!!
You die...
Your body crumbles into a pile of gold.

$
▓.▓
$
▓.▓
$
▓)▓
$
▓.▓
▓.▓
$
▓.▓
▓[▓
$
▓.▓
▓Y▓
$
▓$▓
▓D▓
$
▓K▓
$
▓O▓
$ $
▓O▓
$
▓W▓
$
▓.▓


You could see 2 two-headed ogres, a wraith, an acid dragon (catching breath) and
a kobold brigand.

Vanquished Creatures
  A troll (D)
  A howler monkey (D)
  A hound (D)
  An orc wizard (D)
  An iguana (D)
  An adder (D)
  An endoplasm (D)
  A goblin (D)
  A hobgoblin (D)
  2 frilled lizards (D)
11 creatures vanquished.

Notes
Turn   | Place    | Note
-------+----------+-------------------------------------------
     0 | D        | rocky1 the Draconian Transmuter began the quest for the
                  | Orb.
     0 | D        | Reached XP level 1. HP: 16/16 MP: 3/3
    21 | D        | Reached skill level 4 in Unarmed Combat
    27 | D        | Noticed a hound
    27 | D        | Noticed an orc wizard
    27 | D        | Noticed an iguana
    27 | D        | Noticed a howler monkey
    38 | D        | Killed a hound
    39 | D        | Reached skill level 5 in Unarmed Combat
    39 | D        | Reached XP level 2. HP: 23/23 MP: 4/6
    39 | D        | Reached XP level 3. HP: 28/28 MP: 4/7
    42 | D        | Reached skill level 6 in Unarmed Combat
    46 | D        | Reached skill level 7 in Unarmed Combat
    46 | D        | Reached XP level 4. HP: 35/35 MP: 4/9
    55 | D        | Reached skill level 8 in Unarmed Combat
    55 | D        | Reached XP level 5. HP: 40/40 MP: 5/11
   401 | D        | Found a snail-covered altar of Cheibriados.
   401 | D        | Found a shadowy altar of Dithmenos.
   401 | D        | Found a white marble altar of Elyvilon.
   401 | D        | Found a blossoming altar of Fedhas.
   401 | D        | Found an opulent altar of Gozag.
   402 | D        | Found a hazy altar of Hepliaklqana.
   403 | D        | Found a viscous altar of Jiyva.
   404 | D        | Found an ancient bone altar of Kikubaaqudgha.
   405 | D        | Found a corrupted altar of Lugonu.
   406 | D        | Found a burning altar of Makhleb.
   407 | D        | Found a sparkling altar of Nemelex Xobeh.
   408 | D        | Found an iron altar of Okawaru.
   409 | D        | Became a worshipper of Gozag Ym Sagoz the Greedy
   410 | D        | Found a stormy altar of Qazlal.
   411 | D        | Found a sacrificial altar of Ru.
   412 | D        | Found a shimmering blue altar of Sif Muna.
   413 | D        | Found a bloodstained altar of Trog.
   414 | D        | Found a hide-covered altar of Uskayaw.
   415 | D        | Found a radiant altar of Vehumet.
   416 | D        | Found an ornate altar of the Wu Jian Council.
   417 | D        | Found a shimmering altar of Xom.
   418 | D        | Found a basalt altar of Yredelemnul.
   419 | D        | Found a glowing silver altar of Zin.
   420 | D        | Found a glowing golden altar of the Shining One.
   451 | D        | Learned a level 2 spell: Wereblood
   455 | D        | Learned a level 3 spell: Spider Form
   460 | D        | Learned a level 4 spell: Ice Form
   561 | D        | Noticed a troll
   561 | D        | Noticed an acid dragon
   561 | D        | Noticed a two-headed ogre
   561 | D        | Noticed a two-headed ogre
   561 | D        | Noticed a wraith
   564 | D        | Killed a troll
   564 | D        | Killed from afar by an acid dragon

Illustrated notes

Levels and vault maps discovered:
D:        linesprint [early_d, line_temple, items_1, d_10, items_2, lair_1,
          lair_end, items_3, orc_1, orc_end, items_4, d_15, swamp_1, shoals_1,
          snake_1, spider_1, d_20, vaults_1, items_5, swamp_end, shoals_end,
          snake_end, spider_end, vaults_end, d_27, items_6, zot_1, zot_end,
          crypt_end, forest_end, elf_end, slime_end, tomb_end, abyss_end,
          pan_hell_end]

Skill      XL: |  1  2  3  4 |
---------------+-------------+-----
Dodging        | 2 3 |  3.5
Unarmed Combat | 5 7 8 |  8.2
Spellcasting   | 3 4 |  4.1
Transmutations | 3 |  3.8
Fighting       | |  1.3

Action                   |  1- 3 |  4- 6 || total
-------------------------+-------+-------++-------
Melee: Unarmed           |    34 |    11 ||    45
       Tailslap          |     2 |       ||     2
       Punch             |     1 |       ||     1
 Cast: Ice Form          |       |     1 ||     1
  Use: Potion            |     1 |       ||     1
Armor: Skin              |    17 |     5 ||    22
Dodge: Dodged            |     8 |     2 ||    10

Table legend: (Time is in decaauts)
 A = Elapsed time spent in this place.
 B = Non-inter-level travel time spent in this place.
 C = Inter-level travel time spent in this place.
 D = Time resting spent in this place.
 E = Time spent auto-exploring this place.
 F = Levels seen in this place.
 G = Mean time per level.
                   A        B        C        D        E       F      G
               +--------+--------+--------+--------+--------+-----+--------+
         Total |    558 |    558 |      0 |    440 |      0 |   1 |  558.0 |
       Dungeon |    558 |    558 |      0 |    440 |      0 |   1 |  558.0 |
               +--------+--------+--------+--------+--------+-----+--------+

Top non-repeatable levels by time:
       D: 558 daAuts
